 Dungeon Crawl Stone Soup version 0.31.0-32-g396128a36d (webtiles) character file.

Game seed: 14841973180656384606

131 cj66 the Shield-Bearer (level 5, 0/41 HPs)
             Began as a Human Fighter on Mar 19, 2024.
             Slain by a jackal simulacrum (2 damage)
             ... on level 3 of the Dungeon.
             The game lasted 00:12:04 (2212 turns).

cj66 the Shield-Bearer (Human Fighter)              Turns: 2212, Time: 00:12:05

Health: 0/41       AC: 11    Str: 18    XL:     5   Next: 14%
Magic:  5/5        EV:  5    Int:  8    God:
Gold:   123        SH:  5    Dex: 13    Spells: 4/4 levels left

rFire   . . .        r - +2 spear (heavy)
rCold   . . .        c - +0 buckler
rNeg    . . .        i - +0 plate armour
rPois   .            (no helmet)
rElec   .            (no cloak)
rCorr   .            (no gloves)
SInv    .            (no boots)
Will    .....        (no amulet) Stlth
                     (no ring)
HPRegen 0.26/turn    (no ring)
MPRegen 0.09/turn

%: no passive effects
@: mighty
A: explore regen
a: no special abilities


You were on level 3 of the Dungeon.
You visited 1 branch of the dungeon, and saw 3 of its levels.

You collected 123 gold pieces.

Inventory:

Hand Weapons
 a - a +0 long sword
 m - a +2 dagger of protection
 r - a +2 heavy spear (weapon)
Missiles
 f - 6 poisoned darts (quivered)
Armour
 b - a +0 scale mail
 c - a +0 buckler (worn)
 i - a +0 plate armour (worn)
 k - a +0 ring mail
Scrolls
 e - a scroll of butterflies {unknown}
 j - a scroll of enchant weapon {unknown}
 l - a scroll of revelation {unknown}
 n - 3 scrolls of identify {unknown}
 p - 2 scrolls of teleportation {unknown}
 t - a scroll of torment {unknown}
Potions
 d - a potion of might
 g - 2 potions of brilliance {unknown}
 h - 2 potions of degeneration {unknown}
 o - a potion of heal wounds {unknown}
 q - a potion of cancellation {unknown}
 s - 2 potions of enlightenment {unknown}


   Skills:
 + Level 3.6 Fighting
 + Level 0.7(2.2) Short Blades
 + Level 3.4 Long Blades
 + Level 0.1 Polearms
 + Level 3.5 Armour
 + Level 0.1 Stealth
 + Level 3.7 Shields


You had 4 spell levels left.
You didn't know any spells.
Your spell library contained the following spells:

 Spells                   Type           Power      Damage    Failure   Level
 Static Discharge         Conj/Air       0%         3-3/arc   100%        2
 Airstrike                Air            0%         2d(0-16)  100%        4
 Summon Lightning Spire   Summ/Air       0%         N/A       100%        4


Dungeon Overview and Level Annotations

Branches:
Dungeon (3/15)

Altars:

Annotations:
D:3 Alphaeus's ghost, amateur MfSh


Innate Abilities, Weirdness & Mutations

You regain HP and MP as you explore.


Message History

Alphaeus's ghost is heavily damaged.
You block Alphaeus's ghost's attack. x2
You barely miss Alphaeus's ghost.
Alphaeus's ghost is heavily damaged.
Alphaeus's ghost hits you but does no damage. x2
You puncture Alphaeus's ghost!
Alphaeus's ghost is severely damaged.
Alphaeus's ghost hits you. x2
You closely miss Alphaeus's ghost.
Alphaeus's ghost is severely damaged.
The jackal simulacrum barely misses you.
Alphaeus's ghost hits you.
The jackal simulacrum bites you but does no damage.
You feel very mighty all of a sudden. Alphaeus's ghost hits you.
The jackal simulacrum bites you. The jackal simulacrum freezes you.
You puncture Alphaeus's ghost!
Alphaeus's ghost is almost destroyed.
The jackal simulacrum barely misses you.
Alphaeus's ghost hits you.
* * * LOW HITPOINT WARNING * * *
The jackal simulacrum bites you but does no damage.
Alphaeus's ghost completely misses you.
You barely miss the jackal simulacrum.
The jackal simulacrum bites you but does no damage.
Alphaeus's ghost hits you!
* * * LOW HITPOINT WARNING * * *
The jackal simulacrum bites you but does no damage.
Alphaeus's ghost hits you but does no damage.
You barely miss the jackal simulacrum.
The jackal simulacrum bites you but does no damage.
Alphaeus's ghost closely misses you.
You block the jackal simulacrum's attack.
The adder simulacrum barely misses you.
You barely miss Alphaeus's ghost.
Alphaeus's ghost is almost destroyed.
The jackal simulacrum bites you.
* * * LOW HITPOINT WARNING * * *
The jackal simulacrum freezes you.
You die...

.....................##### ##...#
.......######......###..... #....
............#.....##........##...
............#....##....###...#...
.......###.......#....##.....#...
.................#....#.....##...
.................'...##....Z#....
#####'##........ZZ...#?.=Z.Z#...#
.......#........@WZ..#$...#.##..#
#####..#.........#...## #..#...
....#..+.........#....# #..#...
....#..#.........##..!.###...#.#.
....#..#..........###.......##.#.
##'##..#....÷.......###.:.###..#.
.......#.........##...#####..)...
.......#.........####......†...#.
.......#.........# #..#.....###.


You could see Alphaeus's ghost, an adder simulacrum, a jackal simulacrum and a
scorpion simulacrum.

Vanquished Creatures
  An iguana (D:3)
  6 adders
  3 dart slugs
  A ribbon worm (D:3)
  An orc (D:3)
  2 ball pythons
  A bat (D:1)
  6 endoplasms
  4 goblins
  4 hobgoblins
  3 jackals (D:1)
  A quokka (D:1)
  3 frilled lizards
  4 kobolds
  5 rats
45 creatures vanquished.

Notes
Turn   | Place    | Note
-------+----------+-------------------------------------------
     0 | D:1      | cj66 the Human Fighter began the quest for the Orb.
     0 | D:1      | Reached XP level 1. HP: 18/18 MP: 1/1
   219 | D:1      | Reached XP level 2. HP: 24/24 MP: 2/2
   253 | D:1      | Found a faded altar of an unknown god.
   537 | D:1      | Reached XP level 3. HP: 29/29 MP: 3/3
  1061 | D:2      | Reached XP level 4. HP: 35/35 MP: 4/4
  1900 | D:3      | Noticed Alphaeus's ghost (amateur MfSh)
  1953 | D:3      | Found a runed translucent gate.
  1953 | D:3      | Found a runed translucent gate.
  1953 | D:3      | Found a runed translucent gate.
  1968 | D:3      | Reached XP level 5. HP: 9/41 MP: 5/5
  2212 | D:3      | HP: 2/41 [jackal simulacrum (2)]
  2212 | D:3      | Slain by a jackal simulacrum

Illustrated notes

Levels and vault maps discovered:
D:1:      dpeg_arrival_boxorama, layout_basic,
          dreamdust_ecumenical_altar_statues
D:2:      layout_basic
D:3:      layout_basic, gammafunk_ghost_icy, minmay_distorted

Skill      XL: |  1  2  3  4 |
---------------+-------------+-----
Long Blades    | 3 |  3.4
Fighting       | |  3.6
Short Blades   | |  0.7
Polearms       | |  0.1
Armour         | |  3.5
Stealth        | |  0.1
Shields        | |  3.7

Action                     |  1- 3 |  4- 6 || total
---------------------------+-------+-------++-------
  Melee: Long sword        |    78 |       ||    78
         Dagger            |    13 |    37 ||    50
         Spear             |       |    49 ||    49
    Use: Potion            |       |     1 ||     1
 Armour: Scale mail        |     4 |       ||     4
         Plate armour      |    94 |    76 ||   170
  Dodge: Dodged            |    24 |    19 ||    43
  Block: Buckler           |    27 |    20 ||    47
